 Dungeon Crawl Stone Soup version 0.28.0-53-g5a82cb258f (webtiles) character file.

Game seed: 2445605973577280774

36515 cbfl8 the Severer (level 13, -1/117 HPs)
             Began as a Hill Orc Fighter on Sept 12, 2022.
             Was a High Priest of Beogh.
             Slain by a skeletal warrior
             ... wielding a +1 battleaxe of flaming
             ... led by a death knight
              (5 damage)
             ... on level 13 of the Dungeon on Sept 13, 2022.
             The game lasted 00:41:12 (20729 turns).

cbfl8 the Severer (Hill Orc Fighter)               Turns: 20729, Time: 00:41:13

Health: -1/117     AC: 20    Str: 26    XL:     13   Next: 90%
Magic:  13/13      EV: 12    Int:  8    God:    Beogh [*****.]
Gold:   1023       SH:  5    Dex: 20    Spells: 12/12 levels left

rFire   . . .      SeeInvis .   l - +0 battleaxe (flame)
rCold   . . .      Faith    .   (shield currently unavailable)
rNeg    . . .      Spirit   .   z - +2 chain mail {Will+}
rPois   .          Reflect  +   p - +0 helmet
rElec   .          Harm     .   m - +0 cloak
rCorr   .          Rampage  .   K - +1 pair of gloves
Will    +....                   a - +0 pair of boots
Stlth   ..........              t - amulet of reflection
HPRegen 0.29/turn               k - +6 ring of dexterity
MPRegen 0.13/turn               G - +6 ring of strength

@: about to teleport, slowed, very slow
A: walk on water
a: Renounce Religion, Smiting, Recall Orcish Followers, Give Item to Named
Follower


You were on level 13 of the Dungeon.
You worshipped Beogh.
Beogh was extremely pleased with you.
You visited 1 branch of the dungeon, and saw 15 of its levels.
You also visited: Sewer.

You collected 1023 gold pieces.

Inventory:

Hand Weapons
 l - a +0 battleaxe of flaming (weapon)
Armour
 a - a +0 pair of boots (worn)
 m - a +0 cloak (worn)
 p - a +0 helmet (worn)
 z - a +2 chain mail of willpower (worn)
 K - a +1 pair of gloves (worn)
Jewellery
 h - a +4 ring of evasion
 k - a +6 ring of dexterity (left hand)
 r - an amulet of faith
 t - an amulet of reflection (around neck)
 D - a ring of poison resistance
 E - a ring of positive energy
 G - a +6 ring of strength (right hand)
Wands
 q - a wand of charming (7)
 u - a wand of flame (37) (quivered)
 J - a wand of polymorph (9)
 M - a wand of paralysis (4)
Scrolls
 e - 3 scrolls of immolation
 g - 3 scrolls of magic mapping
 j - 3 scrolls of enchant weapon
 n - a scroll of holy word
 s - a scroll of noise {unknown}
 w - a scroll of brand weapon
 y - 3 scrolls of blinking
 B - a scroll of enchant armour {unknown}
 H - 2 scrolls of fog {unknown}
 I - 2 scrolls of torment {unknown}
 L - 2 scrolls of teleportation
Potions
 b - a potion of cancellation {unknown}
 c - 3 potions of berserk rage {unknown}
 d - 7 potions of flight
 f - a potion of heal wounds
 i - 2 potions of brilliance {unknown}
 o - 3 potions of mutation
 v - a potion of resistance {unknown}
 x - 2 potions of curing
 A - a potion of attraction {unknown}
 C - a potion of haste {unknown}
 F - a potion of lignification {unknown}


   Skills:
 * Level 11.9 Fighting
 * Level 19.2 Axes
 + Level 10.3 Armour
 * Level 6.5 Dodging
 + Level 2.3 Stealth
 + Level 6.7 Shields
 + Level 0.9 Invocations
 * Level 8.2 Evocations


You had 12 spell levels left.
You didn't know any spells.
Your spell library contained the following spells:

 Spells                   Type           Power      Damage    Failure   Level
 Foxfire                  Conj/Fire      0%         2x1d4     90%         1
 Freeze                   Ice            0%         1d3       90%         1
 Sting                    Tmut/Pois      0%         1d3       90%         1
 Summon Small Mammal      Summ           0%         N/A       90%         1
 Blink                    Tloc           0%         N/A       97%         2
 Poisonous Vapours        Pois/Air       0%         N/A       97%         2
 Call Canine Familiar     Summ           0%         N/A       99%         3
 Conjure Flame            Conj/Fire      0%         6-21      99%         3
 Frozen Ramparts          Ice            0%         1d2       99%         3
 Gell's Gravitas          Tloc           0%         N/A       99%         3
 Inner Flame              Hex/Fire       0%         N/A       99%         3
 Lesser Beckoning         Tloc           0%         N/A       99%         3
 Summon Guardian Golem    Hex/Summ       0%         N/A       99%         3
 Teleport Other           Tloc           0%         N/A       99%         3
 Airstrike                Air            0%         N/A       100%        4
 Flame Wave               Conj/Fire      0%         2d4       100%        4
 Hailstorm                Conj/Ice       0%         3d3       100%        4
 Ice Form                 Ice/Tmut       0%         N/A       100%        4
 Olgreb's Toxic Radiance  Pois           0%         N/A       100%        4
 Summon Lightning Spire   Summ/Air       0%         N/A       100%        4
 Lightning Bolt           Conj/Air       0%         1d11      100%        5
 Manifold Assault         Tloc           0%         N/A       100%        5
 Dispersal                Tloc           0%         N/A       100%        6
 Simulacrum               Ice/Necr       0%         N/A       100%        6


Dungeon Overview and Level Annotations

Branches:
Dungeon (15/15)            Temple (0/1) D:4            Lair (0/6) D:8
    Orc (0/2) D:12         Vaults (0/5) D:14         Depths (0/4) D:15
  Sewer (visited)

Altars:
Ashenzari
Cheibriados
Hepliaklqana
Makhleb
Nemelex Xobeh
Okawaru
Trog
Uskayaw
Vehumet
Wu Jian
Xom
Yredelemnul
Zin

Shops:
D:1 :   D:5 (   D:12 *

Annotations:
D:8 3 runed translucent doors
D:13 Azrael


Message History

The hell hound breathes flames at you.
The blast of flame hits Azrael.
Azrael completely resists.
The blast of flame hits the fire elemental.
The fire elemental completely resists.
The blast of flame hits you but does no damage.
You block the hell hound's attack.
The hell hound bites you but does no damage.
The fire elemental completely misses you.
The hell hound closely misses you.
A centaur warrior comes into view. It is wielding a +0 great mace.
The hell hound barely misses you. The fire elemental hits you.
The fire elemental burns you! The hell hound bites you.
The tengu warrior moves out of view.
As you read the scroll of teleportation, it crumbles to dust.
You feel strangely unstable.
The centaur warrior shouts!
The hell hound misses you. The fire elemental barely misses you.
The death knight offers itself to Yredelemnul, and fills with unholy energy.
Azrael is momentarily hidden by a cloud of flames.
Azrael gestures at you.
The bolt of fire hits the fire elemental.
The fire elemental completely resists.
The bolt of fire hits you!! The hell hound misses you.
The skeletal warrior hits you with a +1 battleaxe of flaming!
The skeletal warrior burns you. The hell hound closely misses you.
Garbold barely misses the hell hound.
The fire elemental hits you. The fire elemental burns you!
* * * LOW HITPOINT WARNING * * *
You hear a zap.
Some rock shatters into small pieces.
The death knight hits you from afar with a +0 halberd!
* * * LOW HITPOINT WARNING * * *
The hell hound breathes flames at you.
The blast of flame hits Azrael.
Azrael completely resists.
The blast of flame hits the fire elemental.
The fire elemental completely resists.
The blast of flame hits you!
* * * LOW HITPOINT WARNING * * *
The hell hound barely misses you.
The skeletal warrior hits you with a +1 battleaxe of flaming.
You die...

##...........##
....)..........#
#####.##.#####.#
#.#....#.##.#
#.###...# .#.##
##.#....###...####
#..............#
#<.######o.z##.##
#.. #.....@.Q...#
#.. #..c.hEhp.#...
### ..
#.####R#.....#
##.# .. °h..###..
##... °°}
###..#####....
.....
......)z....<
.##..
.######p#.... ..
..# #o##...
#)###.#


You could see Azrael, a death knight (reflects damage), a skeletal warrior, a
tengu warrior, a centaur warrior, a fire elemental, 3 hell hounds and the
friendly Garbold the orc warlord.

Vanquished Creatures
  A fire dragon (D:15)
  2 vault guards (D:14)
  2 hydras
  2 boulder beetles
  An ogre mage (D:15)
  2 centaur warriors (D:14)
  Erica (D:9)
  A two-headed ogre (D:15)
  A tengu warrior (D:15)
  4 skeletal warriors
  Pikel (D:9)
  An orc knight (D:15)
  A deep elf pyromancer (D:13)
  A cyclops (shapeshifter) (D:8)
  A manticore (D:12)
  Maurice (D:13)
  3 cyclopes
  A gargoyle (D:8)
  A troll (D:12)
  7 slime creatures
  Sigmund (D:3)
  2 shadows
  15 yaks
  2 wraiths (D:9)
  A yak (shapeshifter) (D:15)
  A wyvern (D:9)
  2 redbacks (D:15)
  Grum (D:9)
  2 vampire mosquitoes (D:11)
  2 acid dragons (D:8)
  5 water moccasins
  2 orc warriors (D:8)
  2 sky beasts
  2 hornet zombies (D:8)
  A necrophage (D:8)
  An ice beast (D:5)
  5 black bears
  8 centaurs
  2 ogres
  3 wolves (D:9)
  3 phantoms
  3 lemures (D:9)
  3 kobold brigands (D:8)
  5 bullfrogs
  2 gnoll sergeants
  A wyvern zombie (D:8)
  8 scorpions
  A hornet simulacrum (D:14)
  A water moccasin skeleton (D:7)
  6 killer bees (D:8)
  6 wights (D:6)
  3 electric eels (D:8)
  3 jellies
  3 howler monkeys
  6 centaur zombies
  2 bullfrog zombies (D:6)
  3 orc priests
  6 hounds
  A gnoll shaman (D:9)
  A bullfrog skeleton (D:6)
  2 centaur skeletons
  2 iguanas
  5 orc wizards
  A killer bee zombie (D:8)
  2 howler monkey zombies
  7 gnolls
  11 adders
  7 river rats (Sewer)
  4 ufetubi
  5 worms
  A dart slug (D:2)
  17 orcs
  8 ball pythons
  7 endoplasms
  8 giant cockroaches
  5 goblins
  4 hobgoblins
  8 jackals
  16 kobolds
  6 quokkas
  16 bats
  7 frilled lizards
  8 rats
319 creatures vanquished.

Vanquished Creatures (collateral kills)
  A stone giant (D:15)
  2 vault guards (D:14)
  A boulder beetle (D:14)
  2 hydras (D:11)
  4 two-headed ogres
  A tengu warrior (D:15)
  3 skeletal warriors
  A manticore (D:14)
  6 cyclopes
  A gargoyle (D:14)
  A torpor snail (shapeshifter) (D:15)
  An unseen horror (D:12)
  A freezing wraith (D:13)
  A komodo dragon (D:12)
  A yaktaur (D:15)
  A troll (D:14)
  9 slime creatures
  A jumping spider (shapeshifter) (D:15)
  A shadow (D:12)
  3 wraiths
  A vampire (D:11)
  3 yaks (D:10)
  A fire elemental (D:13)
  2 vampire mosquitoes (D:11)
  5 redbacks (D:15)
  A warg (D:10)
  5 orc warriors
  An ogre (D:15)
  8 centaurs (D:12)
  A kobold brigand (D:10)
  A centaur zombie (D:9)
  3 orc wizards
  2 orcs
76 creatures vanquished.

Vanquished Creatures (others)
  An orc knight (D:11)
  2 orc priests
  3 orc warriors
  7 orcs
  5 orc wizards
  55 fungi (D:8)
  43 plants
116 creatures vanquished.

Grand Total: 511 creatures vanquished

Notes
Turn   | Place    | Note
-------+----------+-------------------------------------------
     0 | D:1      | cbfl8 the Hill Orc Fighter began the quest for the Orb.
     0 | D:1      | Reached XP level 1. HP: 19/19 MP: 1/1
   275 | D:1      | Reached XP level 2. HP: 27/27 MP: 2/2
   460 | D:1      | Found Siffosix's Book Shop.
   636 | D:2      | Reached skill level 3 in Axes
   666 | D:2      | Found a faded altar of an unknown god.
   846 | D:2      | Reached XP level 3. HP: 33/33 MP: 3/3
  1519 | D:3      | Reached XP level 4. HP: 35/36 MP: 4/4
  1523 | D:3      | Found a sparkling altar of Nemelex Xobeh.
  1595 | D:3      | Noticed Sigmund
  1615 | D:3      | Killed Sigmund
  1616 | D:3      | Reached skill level 5 in Axes
  1616 | D:3      | Reached skill level 1 in Dodging
  1616 | D:3      | Reached skill level 1 in Evocations
  1616 | D:3      | Reached XP level 5. HP: 15/47 MP: 5/5
  1894 | D:3      | Reached XP level 6. HP: 42/53 MP: 6/6
  1937 | D:3      | Found a glowing drain.
  1941 | Sewer    | Entered a sewer
  2192 | Sewer    | Reached skill level 6 in Axes
  3441 | D:4      | Reached XP level 7. HP: 52/60 MP: 7/7
  4096 | D:4      | Found a staircase to the Ecumenical Temple.
  4099 | D:4      | Became a worshipper of Beogh the Brigand
  4109 | D:4      | Reached skill level 7 in Axes
  4258 | D:4      | Found a hazy altar of Hepliaklqana.
  4258 | D:4      | Found an ornate altar of the Wu Jian Council.
  4259 | D:4      | Found a hide-covered altar of Uskayaw.
  4265 | D:4      | Reached skill level 5 in Fighting
  4309 | D:5      | Entered Level 5 of the Dungeon
  4385 | D:5      | Reached skill level 8 in Axes
  4389 | D:5      | Reached XP level 8. HP: 65/68 MP: 8/8
  4792 | D:5      | Reached skill level 9 in Axes
  4848 | D:5      | Found Siushriuc's Weapon Shoppe.
  5114 | D:5      | Found a bloodstained altar of Trog.
  5145 | D:5      | You fall into a shaft and drop 1 floor!
  5163 | D:6      | Reached skill level 10 in Axes
  5391 | D:6      | Found a basalt altar of Yredelemnul.
  5416 | D:6      | Reached * piety under Beogh
  5417 | D:6      | Reached XP level 9. HP: 27/75 MP: 9/9
  5431 | D:6      | Reached skill level 11 in Axes
  5673 | D:6      | Found a snail-covered altar of Cheibriados.
  5740 | D:6      | Found a shimmering altar of Xom.
  5912 | D:6      | Reached skill level 5 in Armour
  6022 | D:6      | Reached skill level 12 in Axes
  6871 | D:7      | Reached ** piety under Beogh
  7841 | D:8      | Reached XP level 10. HP: 86/86 MP: 10/10
  7859 | D:8      | Reached skill level 13 in Axes
  8912 | D:8      | Reached skill level 5 in Shields
  9021 | D:8      | Found a staircase to the Lair.
  9432 | D:9      | Reached skill level 5 in Evocations
  9563 | D:8      | Reached skill level 14 in Axes
  9638 | D:8      | Reached *** piety under Beogh
  9892 | D:8      | Noticed a cyclops
  9892 | D:8      | Noticed a gargoyle
  9922 | D:8      | Killed a cyclops
  9928 | D:8      | Noticed a cyclops
  9928 | D:8      | a jumping spider changed into a cyclops
  9933 | D:8      | Killed a cyclops
  9934 | D:8      | Reached XP level 11. HP: 89/95 MP: 11/11
  9946 | D:8      | Reached skill level 15 in Axes
 10699 | D:8      | Found a runed translucent gate.
 10699 | D:8      | Found a runed translucent gate.
 10699 | D:8      | Found a runed translucent gate.
 10701 | D:8      | Noticed a brown ugly thing
 10701 | D:8      | Noticed a glowing orange brain
 10701 | D:8      | Noticed a red ugly thing
 10703 | D:8      | Noticed a brown ugly thing
 10704 | D:8      | Noticed a cyan ugly thing
 11081 | D:9      | Noticed Pikel
 11092 | D:9      | Killed Pikel
 11149 | D:9      | Noticed Erica
 11183 | D:9      | Killed Erica
 11756 | D:9      | Noticed Grum
 11780 | D:9      | Killed Grum
 11788 | D:9      | Reached **** piety under Beogh
 12157 | D:9      | Reached skill level 1 in Stealth
 12352 | D:10     | Entered Level 10 of the Dungeon
 12398 | D:10     | Found a glowing silver altar of Zin.
 12554 | D:10     | Noticed an orc knight
 12738 | D:10     | Found a radiant altar of Vehumet.
 12778 | D:10     | Found a burning altar of Makhleb.
 12856 | D:10     | Reached skill level 16 in Axes
 12927 | D:10     | Found an iron altar of Okawaru.
 12967 | D:10     | Gained Herok as an ally
 13418 | D:11     | Noticed a seven-headed hydra
 13425 | D:11     | Killed an eight-headed hydra
 13734 | D:11     | Noticed a skeletal warrior
 13734 | D:11     | Noticed a skeletal warrior
 13735 | D:11     | Noticed a skeletal warrior
 13740 | D:11     | Your ally Herok died
 13804 | D:11     | Noticed a two-headed ogre
 13811 | D:11     | Killed a two-headed ogre
 13909 | D:11     | Reached skill level 5 in Dodging
 13909 | D:11     | Reached XP level 12. HP: 92/105 MP: 12/12
 14018 | D:11     | Noticed a seven-headed hydra
 14023 | D:11     | Killed an eight-headed hydra
 14725 | D:12     | Noticed a boulder beetle
 14733 | D:12     | Killed a boulder beetle
 14803 | D:12     | Gained Garbold as an ally
 15021 | D:12     | Found Idanlasi's Mass Market.
 15032 | D:12     | Found a staircase to the Orcish Mines.
 15041 | D:12     | Reached skill level 17 in Axes
 15832 | D:12     | Noticed a two-headed ogre
 15840 | D:12     | Killed a two-headed ogre
 16131 | D:12     | Reached skill level 10 in Fighting
 16495 | D:13     | Noticed a death knight
 16542 | D:13     | Reached ***** piety under Beogh
 16823 | D:14     | Noticed a boulder beetle
 16829 | D:14     | Killed a boulder beetle
 17433 | D:14     | Reached XP level 13. HP: 101/114 MP: 13/13
 17705 | D:14     | Noticed a vault guard
 17705 | D:14     | Noticed a vault guard
 17710 | D:14     | Reached skill level 18 in Axes
 17712 | D:14     | Killed a vault guard
 17716 | D:14     | Noticed a vault guard
 18145 | D:14     | Killed a vault guard
 18154 | D:14     | Killed a vault guard
 18226 | D:14     | Noticed a vault guard
 18233 | D:14     | Killed a vault guard
 18252 | D:14     | Found a gate to the Vaults.
 18425 | D:15     | Entered Level 15 of the Dungeon
 19196 | D:15     | Found a broken altar of Ashenzari.
 19328 | D:15     | Reached skill level 10 in Armour
 19461 | D:15     | Noticed a fire dragon
 19466 | D:15     | Killed a fire dragon
 19729 | D:15     | Found a staircase to the Depths.
 19729 | D:15     | Noticed a stone giant
 19734 | D:15     | Killed a stone giant
 19735 | D:15     | Reached skill level 19 in Axes
 20657 | D:13     | Noticed Maurice
 20664 | D:13     | Killed Maurice
 20725 | D:13     | Noticed Azrael
 20729 | D:13     | HP: 4/117 [hell hound/blast of flame[Azrael] (12)]
 20729 | D:13     | Slain by a skeletal warrior

Illustrated notes

Levels and vault maps discovered:
D:1:      ncdulo_lavacross, layout_basic, serial_shops,
          nicolae_shop_competitors_out_of_business
D:2:      layout_basic, chequers_ecumenical_altar_lobes,
          minmay_misc_feat_pillars
D:3:      layout_loops_ring, mainiacjoe_overflow_24_doors,
          gup_sewer_entry_spiral, uniq_sigmund
D:4:      layout_basic, chequers_temple_overflow_statue_of_worship,
          minmay_temple_entry_proselytizer, kennysheep_path_1
D:5:      layout_loops_ring, mainiacjoe_overflow_surrounded_room, serial_shops,
          nicolae_shop_bloodbath_and_beyond
D:6:      minmay_opposing_rooms, layout_cave_pools, tgw_xom,
          mainiacjoe_overflow_catwalk, serial_park, serial_park_square3
          [serial_park_minivault_5x5_4], serial_park_gazebo
          [serial_park_minivault_5x5_8]
D:7:      layout_basic, interstate_on_off
D:8:      minmay_chambers_of_sevens, layout_basic, due_lair_maze_entry_diamond,
          ploomutoo_gammafunk_ghost_potion_laboratory, kennysheep_generic_room_9
D:9:      layout_irregular_city, nicolae_zen_rock_garden, uniq_erica,
          uniq_pikel, uniq_grum
D:10:     layout_long_grid, nicolae_vehumet_radiance, okawaru_gym_becter,
          mainiacjoe_overflow_tiny_flanked, general_overflow_altar
D:11:     layout_roguey
D:12:     nicolae_cairo_tiling_large_dashed, layout_irregular_city,
          minmay_shop_mass
D:13:     layout_loops_ring, minmay_bent, uniq_maurice, uniq_azrael
D:14:     layout_loops_ring, lightli_vaults_fourway_checkpoint
D:15:     grunt_enter_depths_snipers, layout_gridville,
          nicolae_ashenzari_panopticon, drop_trap

Skill      XL: |  1  2  3  4  5  6  7  8  9 10 11 12 13 |
---------------+----------------------------------------+-----
Axes           | 3 5 6 8 10 12 14 16 17 19 | 19.2
Fighting       | 4 5 7 8 9 10 11 | 11.9
Armour         | 4 5 6 7 9 10 | 10.3
Dodging        | 1 2 3 4 5 6 |  6.5
Evocations     | 1 2 3 4 5 6 7 8 |  8.2
Shields        | 4 5 6 |  6.7
Stealth        | 1 2 |  2.3
Invocations    | |  0.9

Action                   |  1- 3 |  4- 6 |  7- 9 | 10-12 | 13-15 || total
-------------------------+-------+-------+-------+-------+-------++-------
Melee: War axe           |    80 |   217 |   350 |   390 |       ||  1037
       Battleaxe         |       |       |       |   130 |   109 ||   239
Invok: Convert to Beogh  |       |       |     1 |       |       ||     1
       Recall Orcish Fol |       |       |       |     3 |     1 ||     4
Evoke: Wand              |       |       |       |     5 |       ||     5
  Use: Scroll            |     2 |     1 |     2 |    16 |     2 ||    23
       Potion            |       |     2 |       |     6 |     1 ||     9
 Stab: Distracted        |       |       |       |     3 |     1 ||     4
       Confused          |       |       |       |     1 |       ||     1
Armor: Scale mail        |    37 |    93 |       |       |       ||   130
       Chain mail        |       |    24 |   168 |   238 |    55 ||   485
Dodge: Dodged            |    55 |   204 |   203 |   252 |    53 ||   767
Block: Buckler           |    20 |    58 |    90 |   200 |       ||   368
       Reflection        |       |       |       |    16 |     2 ||    18
       Other             |       |       |       |    44 |    19 ||    63
